 Dungeon Crawl Stone Soup version 0.31.0-1-g2c135a0 (webtiles) character file.

Game seed: 3768705033527182636

190 Kel the Trooper (level 5, -4/34 HPs)
             Began as a Gargoyle Berserker on Feb 9, 2024.
             Was a Believer of Trog.
             Killed from afar by an orc wizard (8 damage)
             ... with a magic dart
             ... on level 3 of the Dungeon.
             The game lasted 00:06:07 (2082 turns).

Kel the Trooper (Gargoyle Berserker)                Turns: 2082, Time: 00:06:08

Health: -4/34      AC: 10    Str: 22    XL:     5   Next: 69%
Magic:  5/5        EV: 11    Int:  8    God:    Trog [**....]
Gold:   113        SH:  0    Dex:  9    Spells: 4/4 levels left

rFire   . . .        d - +4 hand axe
rCold   . . .        (no shield)
rNeg    + . .        f - +0 ring mail
rPois   ∞            (no helmet)
rElec   +            (no cloak)
rCorr   .            q - +0 pair of gloves
SInv    .            (no boots)
Will    .....        (no amulet) Stlth
                     a - ring of flight
HPRegen 0.25/turn    (no ring)
MPRegen 0.09/turn

%: no passive effects
@: flying
A: sickness immunity, AC +4, negative energy resistance 1, electricity
resistance, torment resistance 1, petrification resistance
a: Renounce Religion, Berserk, Trog's Hand


You were on level 3 of the Dungeon.
You worshipped Trog.
Trog was pleased with you.
You visited 1 branch of the dungeon, and saw 3 of its levels.

You collected 113 gold pieces.

Inventory:

Hand Weapons
 d - a +4 hand axe (weapon)
 o - a +1 whip of pain
Armour
 f - a +0 ring mail (worn)
 q - a +0 pair of gloves (worn)
Jewellery
 a - a ring of flight (left hand)
Scrolls
 b - a scroll of noise {unknown}
 c - 3 scrolls of revelation {unknown}
 e - a scroll of poison {unknown}
 h - 2 scrolls of identify {unknown}
 k - a scroll of silence {unknown}
 m - a scroll of torment {unknown}
 n - a scroll of enchant armour {unknown}
 p - a scroll of fear {unknown}
 r - a scroll of amnesia {unknown}
 s - a scroll of blinking {unknown}
Potions
 g - a potion of might {unknown}
 i - a potion of resistance {unknown}
 j - a potion of lignification {unknown}
 l - 2 potions of curing {unknown}


   Skills:
 + Level 4.4 Fighting
 * Level 3.0(3.5) Axes
 - Level 3.2(3.9) Maces & Flails
 + Level 3.6 Armour
 - Level 1.5 Dodging


You had 4 spell levels left.
You didn't know any spells.
Your spell library was empty.

Dungeon Overview and Level Annotations

Branches:
Dungeon (3/15)

Altars:


Innate Abilities, Weirdness & Mutations

You are immune to sickness and miasma.
Your stone body is resilient. (AC +4)
You are immune to poison.
You resist negative energy. (rN+)
You are resistant to electric shocks. (rElec)
You are resistant to unholy torment.
You are immune to petrification.


Message History

The orc is almost dead.
You barely miss the orc. The orc hits you but does no damage.
The orc wizard mumbles some strange words.
The orc wizard flickers and vanishes!
Deactivating autopickup; reactivate with Ctrl-A.
The orc closely misses you.
You hit the orc.
You kill the orc!
Trog accepts your kill.
You closely miss the orc.
Your Axes skill increases to level 3!
You closely miss something. You slash something!
Something hits you but does no damage.
An orc comes into view. It is wielding a +0 war axe.
An orc priest comes into view. It is wielding a +2 whip of venom.
The orc priest shouts!
The orc priest calls down the wrath of Beogh upon you.
Beogh smites you! Something hits you but does no damage.
The orc barely misses you.
You slash the orc!
You kill the orc!
Trog accepts your kill.
You hit the orc but do no damage. You hit something.
The orc hits you with a +0 war axe.
You hear some strange, mumbled words.
A magic dart appears from out of thin air!
The magic dart hits you but does no damage.
You barely miss something. You hit the orc.
The orc priest calls upon Beogh to heal the orc.
The orc's wounds heal themselves!
The orc hits you with a +0 war axe. Something hits you.
You barely miss something. You hit the orc.
The orc priest mumbles some strange prayers to Beogh against you.
Beogh smites you!
* * * LOW HITPOINT WARNING * * *
The orc completely misses you.
You hear some strange, mumbled words.
A magic dart appears from out of thin air!
The magic dart hits you!
You die...

............).
#.............
#.............#.#
#...........#.#.# .
#..........# ...
..##..........# ..#
..............# ..#
..##..†.......##..###..
.............{@).......
.###....)))...#o^###..
##..####)#####...o....
#....###.# ....###..
#....##..# ....##
#....#..## #....#
#...#...#....# .
####.###.#......#
.###....#.....##..?.


You could see an orc priest and an orc.

Vanquished Creatures
  Robin (D:2)
  8 gnolls
  An adder (D:2)
  2 ribbon worms (D:2)
  4 dart slugs
  2 orcs (D:3)
  5 bats
  8 endoplasms
  4 giant cockroaches
  13 goblins
  5 hobgoblins
  4 jackals (D:1)
  4 quokkas
  6 ball pythons
  5 frilled lizards
  A kobold (D:1)
  2 rats
75 creatures vanquished.

Notes
Turn   | Place    | Note
-------+----------+-------------------------------------------
     0 | D:1      | Kel the Gargoyle Berserker began the quest for the Orb.
     0 | D:1      | Reached XP level 1. HP: 14/14 MP: 1/1
   170 | D:1      | Reached XP level 2. HP: 17/19 MP: 2/2
   428 | D:1      | Reached XP level 3. HP: 20/24 MP: 3/3
   461 | D:1      | Reached skill level 1 in Axes
   996 | D:2      | Noticed Robin
  1005 | D:2      | Killed Robin
  1006 | D:2      | Reached XP level 4. HP: 29/29 MP: 4/4
  1013 | D:2      | Reached ** piety under Trog
  1035 | D:2      | Reached skill level 4 in Fighting
  1623 | D:2      | Reached XP level 5. HP: 33/33 MP: 5/5
  2082 | D:3      | Killed from afar by an orc wizard

Illustrated notes

Levels and vault maps discovered:
D:1:      amcnicky_arrival_single_pillar, layout_loops_ring
D:2:      layout_basic, minmay_close_crescents, uniq_robin
D:3:      layout_rooms, serial_glass, glass_columns_a, glass_columns_b

Skill      XL: |  1  2  3  4  5 |
---------------+----------------+-----
Axes           | 1 2 3 |  3.0
Armour         | 3 |  3.6
Fighting       | 4 |  4.4
Maces & Flails | |  3.2
Dodging        | |  1.5

Action                     |  1- 3 |  4- 6 || total
---------------------------+-------+-------++-------
  Melee: Mace              |   100 |   100 ||   200
         Punch             |     1 |       ||     1
         Hand axe          |       |    37 ||    37
 Invoke: Berserk           |     2 |     2 ||     4
 Armour: Animal skin       |    48 |       ||    48
         Ring mail         |    33 |   129 ||   162
  Dodge: Dodged            |    64 |    87 ||   151
